 Dungeon Crawl Stone Soup version 0.29.1-15-g9cfb28693d (webtiles) character file.

Game seed: 16126751351452840841

1 Renzlar the Shield-Bearer (level 1, -5/23 HPs)
             Began as a Gnoll Fighter on Mar 3, 2023.
             Succumbed to a goblin's poison
             ... on level 1 of the Dungeon.
             The game lasted 00:00:14 (44 turns).

Renzlar the Shield-Bearer (Gnoll Fighter)             Turns: 44, Time: 00:00:15

Health: -5/23      AC:  7    Str: 15    XL:     1   Next: 20%
Magic:  1/1        EV:  9    Int:  7    God:
Gold:   0          SH:  5    Dex: 11    Spells: 0/0 levels left

rFire   . . .      SeeInvis .   a - +0 war axe
rCold   . . .      Faith    .   c - +0 buckler
rNeg    . . .      Spirit   .   b - +0 scale mail
rPois   .          Reflect  .   (no helmet)
rElec   .          Harm     .   (no cloak)
rCorr   .          Rampage  .   (no gloves)
Will    .....                   (no boots)
Stlth   ..........              (no amulet)
HPRegen 0.07/turn               (no ring)
MPRegen 0.07/turn               (no ring)

@: lethally poisoned (-5 -> -34)
A: fangs 1, strong nose, distributed training
a: no special abilities


You were on level 1 of the Dungeon.
You visited 1 branch of the dungeon, and saw 1 of its levels.

Inventory:

Hand Weapons
 a - a +0 war axe (weapon)
Armour
 b - a +0 scale mail (worn)
 c - a +0 buckler (worn)
Potions
 d - a potion of might


   Skills:
 + Level 6.4 Fighting
 + Level 0.0 Short Blades
 + Level 0.0 Long Blades
 + Level 4.4 Axes
 + Level 0.0 Maces & Flails
 + Level 0.0 Polearms
 + Level 0.0 Staves
 + Level 0.0 Ranged Weapons
 + Level 0.0 Throwing
 + Level 6.4 Armour
 + Level 0.0 Dodging
 + Level 0.0 Stealth
 + Level 6.4 Shields
 + Level 0.0 Unarmed Combat
 + Level 0.0 Spellcasting
 + Level 0.0 Conjurations
 + Level 0.0 Hexes
 + Level 0.0 Summonings
 + Level 0.0 Necromancy
 + Level 0.0 Translocations
 + Level 0.0 Transmutations
 + Level 0.0 Fire Magic
 + Level 0.0 Ice Magic
 + Level 0.0 Air Magic
 + Level 0.0 Earth Magic
 + Level 0.0 Poison Magic
 + Level 0.0 Invocations
 + Level 0.0 Evocations


You couldn't memorise any spells.
You didn't know any spells.
Your spell library contained the following spells:

 Spells                   Type           Power      Damage    Failure   Level
 Blink                    Tloc           0%         N/A       97%         2
 Manifold Assault         Tloc           0%         N/A       100%        5
 Storm Form               Tmut/Air       0%         N/A       100%        7


Dungeon Overview and Level Annotations

Branches:
Dungeon (1/15)

Altars:


Innate Abilities, Weirdness & Mutations

You have very sharp teeth.
Your uncanny sense of smell can sniff out nearby items.
Your experience applies equally to all skills.


Message History

The ball python hisses angrily.
The ball python bites you. The ball python barely misses you.
You hit the ball python. Your bite misses the ball python.
The ball python is heavily wounded.
The ball python bites you but does no damage.
The ball python barely misses you.
You slash the ball python!
You kill the ball python!
HP restored.
You pick up an Inescapable Atlas and begin reading...
You add the spells Blink, Manifold Assault and Storm Form to your library.
A goblin comes into view. It is wielding a +1 dagger of venom.
Found a dagger.
The goblin shouts!
The goblin moves out of view.
Found a faded altar of an unknown god.
You closely miss the goblin.
The goblin hits you with a +1 dagger of venom.
You are poisoned.
You hit the goblin.
The goblin is severely wounded.
You feel very sick. The goblin barely misses you.
The goblin hits you with a +1 dagger of venom.
You are lethally poisoned!
You barely miss the goblin.
The goblin is severely wounded.
You feel very sick. The goblin hits you but does no damage.
You are more poisoned.
You closely miss the goblin.
The goblin is severely wounded.
* * * LOW HITPOINT WARNING * * *
You feel very sick.
The goblin hits you with a +1 dagger of venom.
* * * LOW HITPOINT WARNING * * *
You are more poisoned.
You closely miss the goblin.
The goblin is severely wounded.
You die...

#....†..#####
#.#......#
#..###.# #..
#.# ##.###.#
#)##.....#
#.......##
###....###
.......#@.+
####..###g#
##. ..# ##
..# ..# ..#
..# _..


You could see a goblin.

Vanquished Creatures
  A ball python (D:1)
1 creature vanquished.

Notes
Turn   | Place    | Note
-------+----------+-------------------------------------------
     0 | D:1      | Renzlar the Gnoll Fighter began the quest for the Orb.
     0 | D:1      | Reached XP level 1. HP: 23/23 MP: 1/1
    39 | D:1      | Found a faded altar of an unknown god.
    44 | D:1      | Succumbed to a goblin's poison

Illustrated notes

Levels and vault maps discovered:
D:1:      tarquinn_simple_flora_water_b, layout_loops_corners,
          hellmonk_ecumenical_altar_crossroads, minmay_liquid_box,
          minmay_ruptured

Action                   || total
-------------------------++-------
Melee: War axe           ||     7
Armor: Scale mail        ||     2
Dodge: Dodged            ||     3
